 Dungeon Crawl Stone Soup version 0.29.1-1-gd02db6906a (webtiles) character file.

Game seed: 11781124488112319774

518 GigaChad the Covered (level 7, -7/60 HPs)
             Began as a Minotaur Fighter on Oct 14, 2022.
             Killed by divine providence
             ... invoked by an orc priest
              (16 damage)
             ... on level 4 of the Dungeon.
             The game lasted 00:08:14 (3840 turns).

GigaChad the Covered (Minotaur Fighter)             Turns: 3840, Time: 00:08:15

Health: -7/60      AC: 10    Str: 22    XL:     7   Next: 1%
Magic:  2/2        EV:  8    Int:  5    God:
Gold:   132        SH:  5    Dex: 10    Spells: 6/6 levels left

rFire   . . .      SeeInvis .   m - +6 dagger of Ecoprup {antimagic, rC+ Will+}
rCold   + . .      Faith    .   c - +0 buckler
rNeg    . . .      Spirit   .   o - +0 chain mail
rPois   .          Reflect  .   (helmet restricted)
rElec   .          Harm     .   (no cloak)
rCorr   .          Rampage  .   (no gloves)
Will    +....                   (no boots)
Stlth   ..........              (no amulet)
HPRegen 0.20/turn               (no ring)
MPRegen 0.08/turn               (no ring)

@: lethally poisoned (-7 -> -9)
A: horns 2, retaliatory headbutt
a: no special abilities


You were on level 4 of the Dungeon.
You visited 1 branch of the dungeon, and saw 4 of its levels.

You collected 132 gold pieces.

Inventory:

Hand Weapons
 a - a +0 flail
 m - the +6 dagger of Ecoprup (weapon) {antimagic, rC+ Will+}
   (You acquired it on level 2 of the Dungeon)

   It reduces the magical energy of the wielder, and disrupts the spells and
   magical abilities of those it strikes.
   Natural abilities and divine invocations are not affected.
   rC:        It protects you from cold.
   Will:      It increases your willpower.
 u - a +0 scythe
Missiles
 s - 2 throwing nets
 t - 2 javelins (quivered)
Armour
 b - a +0 scale mail
 c - a +0 buckler (worn)
 o - a +0 chain mail (worn)
 x - a +0 kite shield
Wands
 j - a wand of flame (8)
Scrolls
 e - a scroll of enchant weapon {unknown}
 g - a scroll of teleportation
 i - a scroll of identify
 k - a scroll of noise {unknown}
 w - 3 scrolls of immolation {unknown}
Potions
 d - 2 potions of might
 f - a potion of flight {unknown}
 h - 2 potions of mutation {unknown}
 l - a potion of heal wounds {unknown}
 n - a potion of invisibility {unknown}
 p - a potion of curing {unknown}
 q - 2 potions of lignification {unknown}
 r - 2 potions of haste {unknown}
 v - a potion of brilliance {unknown}
 z - a potion of degeneration {unknown}


   Skills:
 * Level 4.7 Fighting
 + Level 1.8 Short Blades
 + Level 4.5 Maces & Flails
 + Level 6.3 Armour
 + Level 2.4 Dodging
 + Level 4.9 Shields


You had 6 spell levels left.
You didn't know any spells.
Your spell library contained the following spells:

 Spells                   Type           Power      Damage    Failure   Level
 Slow                     Hex            0%         N/A       99%         1
 Blink                    Tloc           0%         N/A       100%        2
 Confusing Touch          Hex            0%         N/A       100%        3
 Lesser Beckoning         Tloc           0%         N/A       100%        3
 Vampiric Draining        Necr           0%         2d6       100%        3
 Manifold Assault         Tloc           0%         N/A       100%        5


Dungeon Overview and Level Annotations

Branches:
Dungeon (4/15)
 Temple: D:4-7

Altars:


Innate Abilities, Weirdness & Mutations

You have a pair of horns on your head.
You reflexively headbutt those who attack you in melee.


Message History

The scorpion is severely wounded.
You feel sick. The scorpion stings you. The scorpion closely misses you.
You closely miss the scorpion.
You headbutt the scorpion, but do no damage.
The scorpion is severely wounded.
You block the scorpion's attack.
You barely miss the scorpion. Your headbutt misses the scorpion.
The scorpion is severely wounded.
You feel sick. The scorpion stings you.
You are more poisoned.
The scorpion poisons you!
You hit the scorpion.
The scorpion is severely wounded.
You feel very sick. The scorpion stings you.
You hit the scorpion.
You kill the scorpion!
You feel sick.
The orc priest begins to cast a cantrip, but forgets the words!
You barely miss the orc. Your headbutt misses the orc.
You feel very sick. The orc hits you but does no damage.
You puncture the orc!
You kill the orc!
You feel sick.
You have reached level 7!
You are too injured to fight recklessly!
You hit the orc. You headbutt the orc.
You kill the orc!
You feel sick.
You barely miss the goblin. Your headbutt misses the goblin.
You feel sick.
You puncture the goblin!
You kill the goblin!
You feel sick.
You hit the orc priest.
The orc priest is moderately wounded.
You feel sick.
The orc priest calls down the wrath of Beogh upon you.
Beogh smites you!
You die...

#.# #.# #.#
#.# #.# #.#
#.#####.#
####....##.#
#..>.......#
#.#####.####
############.#
#.#
.....).o@....#
#.#
......########
#.# ..##? #.#
# #.# #.# #.#


You could see an orc priest.

Vanquished Creatures
  Sigmund (D:3)
  The ghost of BigDaddyOpFi the Ducker, an amateur OpFi (D:3)
  A scorpion (D:4)
  An orc priest (D:3)
  8 gnolls (D:3)
  3 adders
  2 dart slugs (D:1)
  9 orcs
  8 endoplasms
  2 giant cockroaches (D:3)
  6 goblins
  9 hobgoblins
  10 jackals (D:1)
  3 quokkas
  6 ball pythons
  5 bats
  2 frilled lizards
  7 kobolds
  4 rats
88 creatures vanquished.

Notes
Turn   | Place    | Note
-------+----------+-------------------------------------------
     0 | D:1      | GigaChad the Minotaur Fighter began the quest for the Orb.
     0 | D:1      | Reached XP level 1. HP: 19/19 MP: 0/0
   105 | D:1      | Reached XP level 2. HP: 19/27 MP: 1/1
   120 | D:1      | Reached skill level 4 in Armour
   506 | D:1      | Reached XP level 3. HP: 32/33 MP: 2/2
   578 | D:1      | Found a faded altar of an unknown god.
   957 | D:2      | Identified a scroll of acquirement
   957 | D:2      | Acquired the +6 dagger of Ecoprup {antimagic, rC+ Will+}
  1304 | D:3      | Reached XP level 4. HP: 40/40 MP: 1/3
  1314 | D:3      | Reached skill level 1 in Dodging
  1751 | D:3      | Found a large runed translucent door.
  1751 | D:3      | Found a large runed translucent door.
  1755 | D:3      | Noticed BigDaddyOpFi's ghost (amateur OpFi)
  1767 | D:3      | Killed BigDaddyOpFi's ghost
  1768 | D:3      | Reached skill level 5 in Armour
  1768 | D:3      | Reached XP level 5. HP: 46/47 MP: 1/4
  1823 | D:3      | Noticed Sigmund
  1837 | D:3      | Killed Sigmund
  1838 | D:3      | Reached skill level 1 in Short Blades
  1838 | D:3      | Reached XP level 6. HP: 13/53 MP: 1/5
  3608 | D:4      | Reached skill level 6 in Armour
  3837 | D:4      | Reached XP level 7. HP: 13/60 MP: 2/6
  3840 | D:4      | Killed from afar by an orc priest

Illustrated notes

Levels and vault maps discovered:
D:1:      minmay_arrival_cross, layout_rooms,
          shapermc_ecumenical_altar_mp_ritualfount
D:2:      layout_basic
D:3:      layout_loops_ring, ebering_ghost_disaster_area, uniq_sigmund
D:4:      layout_loops_ring, mainiacjoe_overflow_divided_tiny,
          nicolae_figureground_pulse, uniq_ijyb

Skill      XL: |  1  2  3  4  5  6 |
---------------+-------------------+-----
Armour         | 4 5 6 |  6.3
Fighting       | 4 |  4.7
Shields        | 4 |  4.9
Maces & Flails | 3 4 |  4.5
Dodging        | 1 2 |  2.4
Short Blades   | 1 |  1.8

Action                   |  1- 3 |  4- 6 |  7- 9 || total
-------------------------+-------+-------+-------++-------
Melee: Flail             |    60 |       |       ||    60
       Headbutt          |     8 |    14 |     1 ||    23
       Dagger            |    15 |   120 |     4 ||   139
Throw: Javelin           |       |     2 |       ||     2
  Use: Scroll            |     2 |     2 |       ||     4
Armor: Scale mail        |    42 |       |       ||    42
       Chain mail        |     3 |    54 |       ||    57
Dodge: Dodged            |    47 |    43 |       ||    90
Block: Buckler           |    17 |    35 |       ||    52
